General information
- name: BNet
- type: Ladder team game (AT/RT)
- host: Battle.net
- saver: WARRIORS-R-CRAP
map: GolemsInTheMist
- players: 8
- length: 89:43
- speed: Fast
- version: 1.28 W3XP
- replay type: Public
» download(636 KB)
Players
team 1 (winner)

»
g3n0 (
red | 69 APM | 5098 actions | 73:51)
7 Death Knight
3 Death Coil
3 Unholy Aura
1 Animate Dead
» actions
| Assign group hotkey | 194 | |
| Basic commands | 294 | |
| Build / train | 75 | |
| ESC pressed | 6 | |
| Enter build submenu | 22 | |
| Enter hero's abilities submenu | 7 | |
| Right click | 1929 | |
| Select / deselect | 452 | |
| Select group hotkey | 2001 | |
| Use ability | 118 | |
5098 total
» units
| Acolyte | 13 | |
| Ghoul | 9 | |
| Crypt Fiend | 17 | |
| Frost Wyrm | 4 | |
43 total
» upgrades
| Creature Attack | 2 | |
| Creature Carapace | 1 | |
| Web | 1 | |
| Freezing Breath | 1 | |
5 total
» buildings
| Altar of Darkness | 1 | |
| Crypt | 1 | |
| Ziggurat | 8 | |
| Tomb of Relics | 1 | |
| Graveyard | 1 | |
| Nerubian Tower | 1 | |
| Halls of the Dead | 3 | |
| Black Citadel | 2 | |
| Spirit Tower | 3 | |
| Sacrificial Pit | 1 | |
| Boneyard | 1 | |
| Necropolis | 1 | |
24 total
» build order
00:23 Altar of Darkness
00:35 Crypt
00:41 Ziggurat
01:08 Tomb of Relics
01:35 Graveyard
01:47 Nerubian Tower
02:12 Ziggurat
04:38 Halls of the Dead
04:38 Halls of the Dead
04:38 Halls of the Dead
04:42 Ziggurat
05:43 Ziggurat
06:59 Black Citadel
06:59 Black Citadel
07:48 Spirit Tower
09:21 Sacrificial Pit
11:42 Boneyard
12:10 Ziggurat
12:24 Ziggurat
14:05 Ziggurat
14:06 Ziggurat
16:51 Spirit Tower
16:52 Spirit Tower
31:54 Necropolis
» items
| Rod of Necromancy | 1 | |
| Potion of Healing | 3 | |
| Lesser Clarity Potion | 1 | |
| Scroll of Town Portal | 2 | |
| Orb of Venom | 1 | |
8 total
kilta (
green | 44 APM | 1478 actions | 33:39)
6 Demon Hunter
2 Immolation
3 Evasion
1 Metamorphosis
4 Keeper of the Grove
2 Entangling Roots
2 Thorns Aura
» actions
| Basic commands | 5 | |
| Build / train | 73 | |
| Enter build submenu | 17 | |
| Enter hero's abilities submenu | 10 | |
| Give item / drop item | 2 | |
| Remove unit from queue | 3 | |
| Right click | 889 | |
| Select / deselect | 324 | |
| Use ability | 155 | |
1478 total
» units
| Wisp | 20 | |
| Archer | 7 | |
| Druid of the Claw | 10 | |
| Dryad | 7 | |
44 total
» upgrades
| Druid of the Claw Training | 2 | |
| Mark of the Claw | 1 | |
| Abolish Magic | 1 | |
4 total
» buildings
| Moon Well | 5 | |
| Altar of Elders | 1 | |
| Ancient of War | 1 | |
| Tree of Ages | 2 | |
| Tree of Life | 2 | |
| Hunter's Hall | 1 | |
| Ancient of Wonders | 1 | |
| Ancient of Lore | 2 | |
| Tree of Eternity | 2 | |
| Ancient Protector | 2 | |
19 total
» build order
00:10 Moon Well
00:14 Altar of Elders
00:28 Ancient of War
01:29 Moon Well
02:29 Moon Well
04:16 Tree of Ages
04:22 Tree of Life
04:40 Hunter's Hall
05:02 Ancient of Wonders
06:03 Moon Well
06:41 Ancient of Lore
07:14 Tree of Eternity
07:14 Tree of Eternity
07:37 Ancient of Lore
09:08 Ancient Protector
09:11 Ancient Protector
09:58 Moon Well
11:29 Tree of Life
13:39 Tree of Ages
» items
| Potion of Healing | 2 | |
| Scroll of Town Portal | 3 | |
| Orb of Venom | 1 | |
6 total
WARRIORS-R-CRAP (
teal | 64 APM | 5774 actions | 89:43)
10 Blademaster
3 Wind Walk
3 Critical Strike
1 Bladestorm
3 Mirror Image
» actions
| Assign group hotkey | 81 | |
| Basic commands | 163 | |
| Build / train | 105 | |
| Enter build submenu | 28 | |
| Enter hero's abilities submenu | 10 | |
| Give item / drop item | 2 | |
| Remove unit from queue | 1 | |
| Right click | 2821 | |
| Select / deselect | 545 | |
| Select group hotkey | 1503 | |
| Use ability | 515 | |
5774 total
» units
| Peon | 8 | |
| Goblin Shredder | 4 | |
| Wind Rider | 9 | |
| Goblin Zeppelin | 3 | |
| Troll Batrider | 20 | |
| Raider | 4 | |
| Goblin Sapper | 7 | |
55 total
» upgrades
| Reinforced Defenses | 1 | |
| Ranged Weapons | 2 | |
| Armor | 2 | |
| Liquid Fire | 1 | |
| Ensnare | 1 | |
| Melee Weapons | 0 | |
| Pillage | 1 | |
8 total
» buildings
| Altar of Storms | 1 | |
| Orc Burrow | 9 | |
| Voodoo Lounge | 1 | |
| Stronghold | 2 | |
| War Mill | 1 | |
| Beastiary | 4 | |
| Fortress | 1 | |
| Watch Tower | 42 | |
61 total
» build order
00:07 Altar of Storms
00:18 Orc Burrow
01:26 Voodoo Lounge
02:04 Stronghold
02:05 Stronghold
02:29 Orc Burrow
02:41 War Mill
03:02 Orc Burrow
03:03 Orc Burrow
04:26 Beastiary
04:28 Beastiary
05:17 Fortress
08:49 Watch Tower
08:49 Watch Tower
08:50 Watch Tower
08:51 Watch Tower
08:56 Watch Tower
09:37 Watch Tower
09:38 Watch Tower
10:30 Watch Tower
10:30 Watch Tower
11:07 Watch Tower
11:10 Watch Tower
12:23 Beastiary
12:32 Watch Tower
12:33 Watch Tower
13:33 Watch Tower
13:41 Orc Burrow
13:57 Watch Tower
14:15 Watch Tower
14:15 Watch Tower
17:34 Orc Burrow
21:56 Watch Tower
21:56 Watch Tower
21:56 Watch Tower
21:57 Watch Tower
21:57 Watch Tower
21:58 Watch Tower
21:59 Watch Tower
21:59 Watch Tower
21:59 Watch Tower
22:00 Watch Tower
22:01 Watch Tower
22:01 Watch Tower
22:03 Watch Tower
22:03 Watch Tower
22:03 Watch Tower
25:43 Watch Tower
25:43 Watch Tower
25:43 Watch Tower
25:44 Watch Tower
25:44 Watch Tower
27:01 Watch Tower
27:01 Watch Tower
27:02 Watch Tower
27:02 Watch Tower
27:36 Watch Tower
29:48 Beastiary
75:10 Orc Burrow
75:11 Orc Burrow
75:11 Orc Burrow
» items
| Healing Salve | 6 | |
| Tiny Great Hall | 3 | |
| Orb of Lightning | 1 | |
| Lesser Clarity Potion | 7 | |
| Scroll of Town Portal | 7 | |
| Potion of Healing | 1 | |
25 total

»
Clown_Lotion (
orange | 49 APM | 1668 actions | 33:49)
5 Demon Hunter
3 Mana Burn
2 Evasion
4 Keeper of the Grove
2 Entangling Roots
2 Force of Nature
» actions
| Assign group hotkey | 31 | |
| Build / train | 66 | |
| Enter build submenu | 22 | |
| Enter hero's abilities submenu | 9 | |
| Give item / drop item | 1 | |
| Remove unit from queue | 1 | |
| Right click | 653 | |
| Select / deselect | 333 | |
| Select group hotkey | 459 | |
| Use ability | 93 | |
1668 total
» units
| Wisp | 22 | |
| Archer | 5 | |
| Huntress | 4 | |
| Mountain Giant | 5 | |
| Dryad | 4 | |
40 total
» upgrades
| Druid of the Claw Training | 1 | |
| Hardened Skin | 1 | |
| Strength of the Wild | 1 | |
| Abolish Magic | 1 | |
4 total
» buildings
| Altar of Elders | 1 | |
| Moon Well | 6 | |
| Ancient of War | 1 | |
| Tree of Ages | 1 | |
| Ancient of Wonders | 1 | |
| Hunter's Hall | 1 | |
| Ancient Protector | 3 | |
| Ancient of Lore | 2 | |
| Tree of Eternity | 1 | |
| Tree of Life | 4 | |
21 total
» build order
01:23 Altar of Elders
01:44 Moon Well
01:52 Ancient of War
02:55 Moon Well
04:19 Tree of Ages
04:24 Ancient of Wonders
05:19 Hunter's Hall
07:29 Moon Well
07:32 Ancient Protector
07:35 Ancient Protector
07:50 Ancient Protector
08:37 Ancient of Lore
09:56 Moon Well
11:42 Tree of Eternity
11:47 Ancient of Lore
12:17 Moon Well
14:02 Tree of Life
19:14 Tree of Life
21:58 Moon Well
22:15 Tree of Life
26:02 Tree of Life
» items
| Dust of Appearance | 1 | |
| Potion of Healing | 1 | |
| Scroll of Town Portal | 4 | |
6 total
team 2 (loser)
Sly_One (
purple | 22 APM | 1988 actions | 89:42)
5 Demon Hunter
2 Immolation
3 Evasion
» actions
| Assign group hotkey | 43 | |
| Basic commands | 6 | |
| Build / train | 71 | |
| Enter build submenu | 21 | |
| Enter hero's abilities submenu | 5 | |
| Remove unit from queue | 4 | |
| Right click | 875 | |
| Select / deselect | 447 | |
| Select group hotkey | 455 | |
| Use ability | 61 | |
1988 total
» units
» upgrades
| Strength of the Moon | 2 | |
| Moon Armor | 2 | |
| Strength of the Wild | 1 | |
| Reinforced Hides | 1 | |
| Abolish Magic | 1 | |
7 total
» buildings
| Altar of Elders | 1 | |
| Moon Well | 4 | |
| Hunter's Hall | 1 | |
| Ancient of War | 2 | |
| Tree of Ages | 1 | |
| Ancient of Lore | 2 | |
| Tree of Eternity | 1 | |
| Ancient Protector | 3 | |
| Tree of Life | 6 | |
21 total
» build order
00:06 Altar of Elders
00:38 Moon Well
01:16 Hunter's Hall
01:45 Moon Well
02:22 Ancient of War
02:28 Ancient of War
02:56 Moon Well
05:10 Moon Well
06:16 Tree of Ages
09:12 Ancient of Lore
09:15 Ancient of Lore
09:59 Tree of Eternity
15:33 Ancient Protector
15:38 Ancient Protector
15:40 Ancient Protector
17:59 Tree of Life
19:10 Tree of Life
25:28 Tree of Life
34:33 Tree of Life
35:24 Tree of Life
36:29 Tree of Life
» items
| Scroll of Regeneration | 3 | |
| Potion of Healing | 2 | |
| Orb of Fire | 1 | |
| Scroll of Town Portal | 1 | |
7 total
NaiLz7768 (
pink | 16 APM | 1433 actions | 89:18)
4 Blademaster
2 Wind Walk
2 Critical Strike
3 Shadow Hunter
2 Healing Wave
1 Hex
» actions
| Assign group hotkey | 7 | |
| Basic commands | 10 | |
| Build / train | 67 | |
| ESC pressed | 7 | |
| Enter build submenu | 27 | |
| Enter hero's abilities submenu | 7 | |
| Give item / drop item | 1 | |
| Remove unit from queue | 5 | |
| Right click | 516 | |
| Select / deselect | 337 | |
| Select group hotkey | 296 | |
| Use ability | 152 | |
1433 total
» units
| Peon | 10 | |
| Raider | 19 | |
| Kodo Beast | 1 | |
30 total
» upgrades
| Melee Weapons | 3 | |
| Pillage | 1 | |
| Ensnare | 1 | |
| Armor | 3 | |
| Spiked Barricades | 3 | |
| Reinforced Defenses | 1 | |
| War Drums Damage Increase | 1 | |
13 total
» buildings
| Altar of Storms | 1 | |
| Orc Burrow | 6 | |
| War Mill | 1 | |
| Voodoo Lounge | 1 | |
| Watch Tower | 11 | |
| Stronghold | 1 | |
| Beastiary | 2 | |
| Great Hall | 4 | |
| Fortress | 1 | |
28 total
» build order
00:15 Altar of Storms
00:25 Orc Burrow
01:11 War Mill
01:54 Voodoo Lounge
02:33 Watch Tower
02:36 Watch Tower
02:45 Watch Tower
03:04 Stronghold
03:19 Watch Tower
03:36 Orc Burrow
03:44 Watch Tower
04:16 Watch Tower
04:35 Orc Burrow
05:30 Beastiary
05:34 Beastiary
06:15 Orc Burrow
09:21 Orc Burrow
09:38 Great Hall
10:07 Fortress
13:56 Great Hall
14:27 Watch Tower
18:37 Watch Tower
18:43 Orc Burrow
30:18 Great Hall
30:33 Watch Tower
30:42 Watch Tower
31:28 Watch Tower
34:51 Great Hall
» items
| Healing Salve | 3 | |
| Lesser Clarity Potion | 3 | |
| Scroll of Speed | 3 | |
| Orb of Lightning | 1 | |
| Potion of Healing | 2 | |
| Scroll of Town Portal | 1 | |
13 total
LryBrd (
yellow | 77 APM | 6926 actions | 89:42)
10 Archmage
3 Summon Water Elemental
3 Brilliance Aura
1 Mass Teleport
3 Blizzard
» actions
| Assign group hotkey | 94 | |
| Basic commands | 446 | |
| Build / train | 184 | |
| Enter build submenu | 98 | |
| Enter hero's abilities submenu | 10 | |
| Give item / drop item | 3 | |
| Remove unit from queue | 4 | |
| Right click | 2173 | |
| Select / deselect | 875 | |
| Select group hotkey | 2607 | |
| Use ability | 432 | |
6926 total
» units
| Peasant | 49 | |
| Footman | 4 | |
| Goblin Shredder | 2 | |
| Goblin Sapper | 9 | |
| Gryphon Rider | 13 | |
| Dragonhawk Rider | 11 | |
| Goblin Zeppelin | 4 | |
92 total
» upgrades
| Storm Hammers | 1 | |
| Masonry | 3 | |
| Swords | 3 | |
| Armor | 3 | |
| Animal War Training | 1 | |
| Cloud | 1 | |
12 total
» buildings
| Altar of Kings | 2 | |
| Barracks | 2 | |
| Farm | 26 | |
| Scout Tower | 53 | |
| Lumber Mill | 1 | |
| Arcane Vault | 5 | |
| Keep | 3 | |
| Arcane Tower | 3 | |
| Castle | 2 | |
| Town Hall | 8 | |
| Gryphon Aviary | 8 | |
| Blacksmith | 2 | |
| Guard Tower | 20 | |
135 total
» build order
00:36 Altar of Kings
00:37 Barracks
00:49 Barracks
00:51 Farm
00:54 Farm
01:03 Farm
01:12 Farm
01:36 Farm
02:03 Scout Tower
02:39 Lumber Mill
03:20 Arcane Vault
04:02 Keep
04:12 Arcane Tower
04:20 Farm
06:23 Castle
07:01 Town Hall
07:38 Gryphon Aviary
07:38 Gryphon Aviary
07:39 Gryphon Aviary
07:40 Gryphon Aviary
07:47 Blacksmith
08:47 Blacksmith
08:50 Farm
14:51 Town Hall
14:55 Scout Tower
14:56 Scout Tower
14:56 Scout Tower
14:57 Scout Tower
14:58 Scout Tower
14:59 Scout Tower
14:59 Scout Tower
15:00 Scout Tower
15:15 Guard Tower
15:24 Guard Tower
15:26 Guard Tower
17:30 Guard Tower
17:31 Guard Tower
18:53 Farm
18:54 Farm
18:56 Farm
18:56 Farm
18:58 Farm
19:00 Farm
19:01 Farm
19:09 Scout Tower
19:09 Scout Tower
19:11 Scout Tower
19:11 Scout Tower
19:38 Guard Tower
21:28 Guard Tower
23:37 Guard Tower
25:26 Town Hall
27:08 Scout Tower
27:09 Scout Tower
27:09 Scout Tower
27:09 Scout Tower
27:09 Scout Tower
28:25 Guard Tower
34:42 Town Hall
39:52 Town Hall
48:56 Town Hall
49:19 Keep
49:39 Arcane Vault
49:42 Arcane Vault
57:16 Town Hall
60:07 Keep
62:37 Altar of Kings
64:08 Castle
64:12 Scout Tower
64:15 Scout Tower
64:16 Scout Tower
64:18 Scout Tower
64:20 Scout Tower
64:43 Guard Tower
64:44 Guard Tower
64:45 Arcane Tower
64:49 Guard Tower
64:49 Guard Tower
65:04 Arcane Vault
65:40 Scout Tower
65:42 Scout Tower
65:44 Scout Tower
65:46 Scout Tower
66:20 Guard Tower
66:49 Farm
66:52 Farm
66:59 Farm
67:03 Farm
67:05 Farm
68:07 Scout Tower
68:08 Scout Tower
68:09 Scout Tower
68:09 Scout Tower
68:10 Scout Tower
68:10 Scout Tower
68:50 Guard Tower
68:59 Gryphon Aviary
69:02 Gryphon Aviary
69:05 Gryphon Aviary
69:09 Gryphon Aviary
69:12 Scout Tower
69:12 Scout Tower
69:17 Scout Tower
69:17 Scout Tower
69:18 Scout Tower
69:18 Scout Tower
69:19 Scout Tower
69:20 Scout Tower
69:29 Guard Tower
70:14 Guard Tower
70:19 Guard Tower
71:09 Town Hall
71:15 Scout Tower
71:16 Scout Tower
71:16 Scout Tower
71:17 Scout Tower
71:17 Scout Tower
71:18 Scout Tower
71:19 Scout Tower
71:20 Scout Tower
71:21 Scout Tower
71:22 Scout Tower
71:22 Scout Tower
71:23 Scout Tower
71:26 Arcane Vault
71:38 Guard Tower
71:42 Farm
71:46 Farm
71:49 Farm
71:55 Farm
71:57 Farm
72:09 Farm
72:12 Farm
72:18 Guard Tower
72:49 Guard Tower
73:12 Arcane Tower
» items
| Scroll of Regeneration | 11 | |
| Mechanical Critter | 5 | |
| Potion of Healing | 6 | |
| Scroll of Town Portal | 7 | |
| Staff of Sanctuary | 1 | |
| Lesser Clarity Potion | 1 | |
| Ivory Tower | 7 | |
38 total
Transcendence (
blue | 12 APM | 1087 actions | 89:42)
6 Paladin
3 Holy Light
2 Divine Shield
1 Resurrection
1 Mountain King
1 Storm Bolt
» actions
| Basic commands | 5 | |
| Build / train | 71 | |
| Enter build submenu | 35 | |
| Enter hero's abilities submenu | 7 | |
| Right click | 395 | |
| Select / deselect | 471 | |
| Use ability | 101 | |
1087 total
» units
| Peasant | 13 | |
| Footman | 8 | |
| Rifleman | 6 | |
| Goblin Shredder | 1 | |
| Knight | 7 | |
| Siege Engine | 2 | |
37 total
» upgrades
| Lumber Harvesting | 2 | |
| Masonry | 3 | |
| Plating | 2 | |
| Armor | 1 | |
| Long Rifles | 1 | |
| Animal War Training | 1 | |
| Swords | 1 | |
| Gunpowder | 1 | |
| Barrage | 1 | |
13 total
» buildings
| Farm | 12 | |
| Lumber Mill | 1 | |
| Altar of Kings | 1 | |
| Scout Tower | 7 | |
| Arcane Tower | 2 | |
| Barracks | 1 | |
| Guard Tower | 3 | |
| Keep | 1 | |
| Arcane Vault | 1 | |
| Blacksmith | 1 | |
| Castle | 1 | |
| Town Hall | 4 | |
| Workshop | 3 | |
38 total
» build order
00:23 Farm
00:39 Lumber Mill
00:57 Altar of Kings
01:18 Scout Tower
01:45 Farm
01:52 Arcane Tower
02:00 Barracks
02:28 Scout Tower
02:56 Guard Tower
02:59 Farm
03:13 Farm
04:11 Scout Tower
04:14 Keep
04:21 Farm
04:52 Scout Tower
04:53 Arcane Tower
05:02 Farm
05:27 Arcane Vault
05:29 Guard Tower
06:37 Blacksmith
07:30 Castle
09:30 Farm
11:44 Scout Tower
12:13 Guard Tower
14:54 Town Hall
17:55 Scout Tower
17:57 Scout Tower
18:30 Town Hall
20:15 Farm
20:21 Town Hall
21:55 Workshop
21:58 Workshop
22:09 Workshop
23:37 Farm
23:40 Farm
24:20 Farm
24:22 Farm
25:59 Town Hall
» items
| Lesser Clarity Potion | 2 | |
| Orb of Fire | 1 | |
| Scroll of Town Portal | 1 | |
| Healing Salve | 1 | |
5 total
Chat log
(07:38 / Allies) Clown_Lotion: wood?
(08:11 / Allies) Clown_Lotion: wood?
(09:20 / Allies) WARRIORS-R-CRAP: oj come ot my base now
(10:17 / Allies) g3n0: b
(10:37 / Allies) WARRIORS-R-CRAP: tp?
(10:42 / Allies) Clown_Lotion: yea
(11:29 / Allies) Clown_Lotion: counter
(12:06 / Allies) Clown_Lotion: teal lets hit
(14:38 / Allies) Clown_Lotion: lets hit
(15:07 / Allies) Clown_Lotion: all
(15:43 / All) LryBrd: covert hacker
(15:56 / All) LryBrd: just happened to run the gohul there ya fucking
(16:01 / All) Clown_Lotion: he had a shade
(16:03 / All) LryBrd: mhing queer
(16:12 / All) Clown_Lotion: watch replay
(16:24 / All) LryBrd: watch wehn I rape his base
(18:23 / All) LryBrd: focus my hero more
(18:34 / All) LryBrd: I got 100 food
(18:36 / All) LryBrd: And rape you all
(18:44 / All) LryBrd: happy?
(19:27 / Allies) Clown_Lotion: lets hit
(19:39 / Allies) Clown_Lotion: kill yellow
(20:04 / Allies) Clown_Lotion: altar
(20:14 / Allies) Clown_Lotion: kill altar
(20:31 / Allies) kilta: aa
(20:35 / All) WARRIORS-R-CRAP: help ur teammate morons
(20:44 / All) LryBrd: HEKLP FUICLKIGN REEATDSR
(20:48 / All) NaiLz7768: naw, he distracting u noobs
(20:53 / Allies) kilta: web
(21:38 / Allies) kilta: teal I expected more from you having an expo
(21:48 / Allies) kilta: my base got fucked at start
(21:54 / Allies) kilta: cant expect much out of that
(22:38 / Allies) Clown_Lotion: b yall
(22:40 / Allies) Clown_Lotion: wait for me
(23:48 / All) LryBrd: Really
(25:01 / All) LryBrd: good at hero focus
(25:05 / All) LryBrd: not good at anytthing else unfortuantely
(25:53 / All) Sly_One: pink
(26:33 / Allies) Clown_Lotion: teal send gold
(26:50 / All) WARRIORS-R-CRAP: lol saw that
(26:52 / All) WARRIORS-R-CRAP: pink dead lawl
(27:47 / Allies) Clown_Lotion: teal send gold
(29:07 / All) WARRIORS-R-CRAP: ur a great ally blue
(29:09 / All) WARRIORS-R-CRAP: not helping one bit
(29:34 / All) Transcendence: like you kno anything
(29:37 / Allies) Clown_Lotion: where to green?
(29:42 / Allies) kilta: stay with red
(29:45 / Allies) kilta: and move together
(31:04 / Allies) Clown_Lotion: i wish teal would share gold
(31:11 / Allies) Clown_Lotion: so i can get hipps
(31:21 / Allies) g3n0: teal help us
(31:34 / All) LryBrd: Really blue
(31:50 / Allies) kilta: we need to take out yellows gold
(31:55 / Allies) kilta: he is only one with incoming gold
(32:03 / Allies) kilta: is that clear?
(32:16 / Allies) Clown_Lotion: teal is Tking
(32:20 / Allies) WARRIORS-R-CRAP: yes i am
(32:23 / Allies) WARRIORS-R-CRAP: dont even bother trying to tk me
(32:25 / Allies) WARRIORS-R-CRAP: u wont win
(32:31 / Allies) Clown_Lotion: why
(32:35 / Allies) WARRIORS-R-CRAP: yellow my friend
(32:37 / Allies) g3n0: just finish yellow
(32:41 / Allies) g3n0: and they kil us
(32:45 / Allies) WARRIORS-R-CRAP: if u 3 dont team up vs me u lose lol
(33:05 / All) NaiLz7768: lol yellow sucks
(33:08 / All) WARRIORS-R-CRAP: he pro
(33:11 / All) NaiLz7768: kill
(33:16 / All) Clown_Lotion: lol
(33:21 / All) Clown_Lotion: Teal Tk
(33:23 / All) NaiLz7768: GG
(33:32 / Allies) kilta: im not wasting time
(33:34 / All) kilta: gg
(33:39 / All) Clown_Lotion: gg green
(33:39 / All) Clown_Lotion: red
(33:42 / All) Clown_Lotion: teal a faggot
(33:43 / All) WARRIORS-R-CRAP: rawer
(33:46 / All) WARRIORS-R-CRAP: i am no such thing
(35:45 / All) LryBrd: christ
(36:10 / All) WARRIORS-R-CRAP: sometimes games dont go smoothlhy lolz
(36:19 / All) WARRIORS-R-CRAP: pink i swear i do not mh
(36:24 / All) WARRIORS-R-CRAP: just got lucky denying u expo
(37:32 / All) WARRIORS-R-CRAP: want me to tk green/red?
(37:41 / All) LryBrd: yes obviously
(37:41 / All) WARRIORS-R-CRAP: let us finish blue off
(37:44 / All) LryBrd: control them at at least
(37:45 / All) NaiLz7768: i'd help but noob yellow is an asshole
(37:51 / All) WARRIORS-R-CRAP: yellow is pro dude
(38:43 / All) WARRIORS-R-CRAP: dye purple
(39:30 / All) WARRIORS-R-CRAP: nub
(39:43 / All) Sly_One: whatever you say
(39:50 / All) WARRIORS-R-CRAP: me pro. u nub
(40:26 / All) WARRIORS-R-CRAP: MANNER PLZ
(41:12 / All) LryBrd: If red wasn't a cunt I'd say give him the win
(41:15 / All) WARRIORS-R-CRAP: this game went smoothly as hell for me
(41:18 / All) LryBrd: but he is a cunt
(41:28 / All) WARRIORS-R-CRAP: i denied pink and blue expos all game plus never got hit
(41:37 / All) LryBrd: I bet if I watch replay you don't spam top
(41:39 / All) LryBrd: and
(41:43 / All) LryBrd: don't tell the mto hit top
(41:47 / All) WARRIORS-R-CRAP: i didnt, i ignored my team
(41:56 / All) LryBrd: excatly, screwed me
(42:00 / All) NaiLz7768: good
(42:03 / All) NaiLz7768: fuck yellow
(42:08 / All) LryBrd: lol
(42:12 / All) WARRIORS-R-CRAP: lawl
(42:12 / All) LryBrd: all it did was lead to your downfall, pink
(42:15 / All) LryBrd: owned easily
(42:19 / All) WARRIORS-R-CRAP: i saw u mass tping to pinks bm and kiling him
(42:20 / All) NaiLz7768: cuz u suck
(42:22 / All) Sly_One: lry you got this?
(42:23 / All) WARRIORS-R-CRAP: we have along history with pink
(42:25 / All) LryBrd: they seriously let me fight 3v1 for like 5 minutes
(42:28 / All) NaiLz7768: easy to tk like a prick
(42:37 / All) WARRIORS-R-CRAP: its technically ur teams fault for not helping
(42:37 / All) NaiLz7768: grats
(42:40 / All) LryBrd: while; my hero was baking
(42:42 / All) NaiLz7768: ur a prick
(42:47 / All) WARRIORS-R-CRAP: blue tked u
(42:48 / All) WARRIORS-R-CRAP: y?
(42:53 / All) LryBrd: he's an idiot
(43:04 / All) NaiLz7768: yellow going to expo top
(43:04 / All) LryBrd: I didn't help him while he was attacked because I had to finish off pink
(43:07 / All) LryBrd: because that idiot gave him gold
(43:25 / All) WARRIORS-R-CRAP: so pink tked u too?
(43:30 / All) NaiLz7768: lol
(43:32 / All) LryBrd: tried to
(43:35 / All) LryBrd: failed miserably
(43:38 / All) NaiLz7768: no how could i tk if im dead
(43:44 / All) WARRIORS-R-CRAP: damn this game really wasnt ur game
(43:57 / All) LryBrd: you should have told your team to attack top
(43:57 / All) NaiLz7768: teal with the 2/2 wyrvs rofl
(44:00 / All) LryBrd: instead of "ignored them"
(44:10 / All) WARRIORS-R-CRAP: i didnt think my team was a threat, they had no expos lawl
(44:17 / All) WARRIORS-R-CRAP: i hadnt counted ur team tking u 2x over
(44:25 / All) LryBrd: they had more food than me each of of them
(44:27 / All) NaiLz7768: yellow has expos west and south
(44:40 / All) NaiLz7768: kill
(44:44 / All) WARRIORS-R-CRAP: shall we make this a standoff? red vs ur 3 allies?
(44:55 / All) LryBrd: yeah
(44:57 / All) LryBrd: red's a faggot too
(45:01 / All) NaiLz7768: west expo unguarded
(45:03 / All) LryBrd: purple only good ally
(45:11 / All) g3n0: hahah i had owned you yellow
(45:11 / All) NaiLz7768: kill
(45:17 / All) WARRIORS-R-CRAP: bam red talking shit to u
(45:19 / All) WARRIORS-R-CRAP: lawl
(45:20 / All) NaiLz7768: i owned you red
(45:22 / All) LryBrd: how in the world do you figure?
(45:27 / All) NaiLz7768: and green
(45:35 / All) NaiLz7768: yellow uis now west
(45:41 / All) WARRIORS-R-CRAP: blue, pink, and red all hate u . what did yellow do wrong u guys?
(45:41 / All) NaiLz7768: heading north
(45:42 / All) LryBrd: riding coat tails 3v1 ain't "owning" retard
(45:49 / All) g3n0: what I now yellow and teal are an assholes
(45:55 / All) NaiLz7768: teal 2/2 wyrvs ROFLLLLLLLL
(45:58 / All) NaiLz7768: GG
(46:03 / All) NaiLz7768: SAD
(46:05 / All) WARRIORS-R-CRAP: sfuck off pink
(46:08 / All) WARRIORS-R-CRAP: u nub
(46:14 / All) NaiLz7768: lvl 8 hero 2/2 wyrvs HAHA
(46:20 / All) g3n0: teal noob
(46:26 / All) Sly_One: wow LRy
(46:38 / All) NaiLz7768: yellow has one bird at his west expo
(46:44 / All) WARRIORS-R-CRAP: w/e. ill get bats and raiders
(46:48 / All) g3n0: teal has 11k gold
(47:02 / All) g3n0: :-/
(47:03 / All) NaiLz7768: yellow west expo now clear
(47:07 / All) NaiLz7768: send towers
(47:25 / All) NaiLz7768: teal ur so bad it aint even funny
(47:27 / All) WARRIORS-R-CRAP: i have to get units morons
(47:30 / All) WARRIORS-R-CRAP: he owned all my wyvern
(47:43 / All) NaiLz7768: cuz u didn't upgrade them asshole
(47:52 / All) NaiLz7768: 11k gold and didnt upgrade LOL
(48:06 / All) WARRIORS-R-CRAP: he could shackle my wyvern, 2/2 is irrleevant
(48:07 / All) NaiLz7768: yellow milking that west expo
(48:13 / All) NaiLz7768: u noobs just let it be
(48:19 / All) LryBrd: owned red
(48:20 / All) LryBrd: noob
(48:28 / All) NaiLz7768: ur fault u lose
(48:33 / All) NaiLz7768: easy win
(48:47 / All) NaiLz7768: lol
(49:04 / All) NaiLz7768: yellow trying to expo up top left
(49:09 / All) NaiLz7768: teal towers
(49:33 / All) NaiLz7768: yellow has zep at top left shoip
(49:45 / All) WARRIORS-R-CRAP: thx
(49:50 / All) NaiLz7768: yellow now making new expo at east expo
(50:01 / All) NaiLz7768: nigger has 6k gold
(50:19 / All) NaiLz7768: teal birds still at 2/2 LOL
(50:52 / All) NaiLz7768: west expo teal
(50:56 / All) WARRIORS-R-CRAP: thx
(50:59 / All) NaiLz7768: np
(51:08 / All) NaiLz7768: east too
(51:17 / All) NaiLz7768: neither have tower
(51:23 / All) NaiLz7768: south as well
(51:47 / All) NaiLz7768: teal ur dumb lol
(51:52 / All) WARRIORS-R-CRAP: no im not
(51:55 / All) NaiLz7768: yeah ur
(52:14 / All) NaiLz7768: see
(52:16 / All) NaiLz7768: dumb
(52:19 / All) NaiLz7768: sad
(52:21 / All) WARRIORS-R-CRAP: im not
(52:24 / All) NaiLz7768: u r
(52:37 / All) Sly_One: Lol
(52:43 / All) Sly_One: Can't we all just get along?
(52:51 / All) NaiLz7768: teal u got this unless u suck so bad which i think u do
(52:53 / All) NaiLz7768: so gg
(53:30 / All) NaiLz7768: yellow heading south near east expo
(53:40 / All) g3n0: teal is just waiting for yellow to hit
(53:46 / All) g3n0: he is just a noob
(53:46 / All) NaiLz7768: yellow is dumb
(53:57 / All) NaiLz7768: but i think teal is dumber
(54:03 / All) WARRIORS-R-CRAP: im very intelligent
(54:04 / All) g3n0: they wont attack each other
(54:05 / All) Sly_One: I don't think either one is dumb because they are still alive an we arent
(54:05 / All) NaiLz7768: sad state of affairs we have here
(54:15 / All) NaiLz7768: shut up purple
(54:18 / All) Sly_One: Haha
(54:20 / All) NaiLz7768: :D
(54:20 / All) Sly_One: Eat my ass
(54:21 / All) g3n0: because teal killed all our units
(54:25 / All) NaiLz7768: with relish
(54:25 / All) g3n0: tk
(54:26 / All) Sly_One: And like it
(54:32 / All) WARRIORS-R-CRAP: who was the best player this game
(54:34 / All) WARRIORS-R-CRAP: me or yellow
(54:35 / All) NaiLz7768: me
(54:36 / All) WARRIORS-R-CRAP: or other
(54:37 / All) NaiLz7768: ME
(54:39 / All) Sly_One: Hot relish?
(54:42 / All) NaiLz7768: yes
(54:47 / All) WARRIORS-R-CRAP: i denied u expos all game pink
(54:49 / All) Sly_One: Both are good
(54:50 / All) NaiLz7768: yellow camping at east expo
(54:51 / All) WARRIORS-R-CRAP: wasnt u
(55:04 / All) Sly_One: We will see who is best win this game finishes
(55:04 / All) g3n0: just attack yellow, teal event have an expo
(55:05 / All) Sly_One: lol
(55:08 / All) NaiLz7768: 8k gold and not making uniots
(55:14 / All) NaiLz7768: now is ur time teal
(55:17 / All) WARRIORS-R-CRAP: im 7.7k
(55:24 / All) NaiLz7768: take out west and south expos
(55:45 / All) NaiLz7768: nigger yellow can't touch your towered 3 bases
(56:00 / All) NaiLz7768: teal, you should expo north and top right
(56:04 / All) NaiLz7768: both clear
(56:14 / All) NaiLz7768: yellow now near north mine
(56:18 / All) NaiLz7768: heading upper lefdt
(56:24 / All) WARRIORS-R-CRAP: thx
(56:43 / All) NaiLz7768: teal u dumb fuck
(56:48 / All) NaiLz7768: upgrade raiders
(56:54 / All) WARRIORS-R-CRAP: i killed expo man, how am i a dumbfuck
(56:59 / All) NaiLz7768: yellow loses if you stopsucking
(57:09 / All) NaiLz7768: head south now
(57:19 / All) WARRIORS-R-CRAP: dude i may not be great at wc3, but im pro at witcher 3
(57:24 / All) WARRIORS-R-CRAP: wish witcher 3 had multiplayer
(57:26 / All) NaiLz7768: yellow killed dry expo
(57:28 / All) NaiLz7768: he pro
(57:35 / All) NaiLz7768: run
(57:41 / All) WARRIORS-R-CRAP: thx for warning pink
(57:42 / All) NaiLz7768: LOL
(57:45 / All) NaiLz7768: np bro
(57:49 / All) NaiLz7768: i got u
(57:57 / All) NaiLz7768: yellow heading east mine
(57:59 / All) Sly_One: lol pink dont you want the W?
(58:03 / All) NaiLz7768: no
(58:08 / All) NaiLz7768: i want yelllow to lose
(58:11 / All) NaiLz7768: at all costs
(58:14 / All) NaiLz7768: but teal sucks
(58:25 / All) NaiLz7768: he has the lead but will probably lose
(58:38 / All) NaiLz7768: teal striking yet another dry mine
(58:47 / All) NaiLz7768: fuck that
(58:50 / All) NaiLz7768: fuck yellow
(58:59 / All) NaiLz7768: he needs to lose
(59:17 / Allies) g3n0: get more bats
(60:09 / All) NaiLz7768: teal so bad
(60:22 / All) WARRIORS-R-CRAP: got a level 9 bm and this kid calls me bad
(60:27 / All) NaiLz7768: yellow gave you every chance to win teal, but
(60:31 / All) NaiLz7768: you suck so bad
(60:37 / All) LryBrd: pink couldn't even muster a fight when I molsted his base
(60:40 / All) WARRIORS-R-CRAP: ive killed 3 expos keep feeding me advice
(60:47 / All) Sly_One: yeal you did good
(60:49 / All) Sly_One: teal*
(60:50 / All) LryBrd: poor warcraft 3 player, pathetic heckler now
(60:50 / All) Sly_One: but its over
(60:51 / All) NaiLz7768: dude u sneak attacked, i had no idea you were bsing
(60:59 / All) WARRIORS-R-CRAP: red is a bad ally, also
(61:04 / All) LryBrd: You should have expected it after you left me out to dry
(61:04 / All) WARRIORS-R-CRAP: not telling me any worthwhile advice
(61:06 / All) LryBrd: You terrible ally
(61:07 / All) Sly_One: yellow has this one
(61:08 / All) NaiLz7768: yellow now has expo upper right
(61:16 / All) LryBrd: and gave a cute snarky remark about not helping me
(61:17 / All) NaiLz7768: he's upgrading the castle
(61:17 / All) LryBrd: Poor form
(61:22 / All) LryBrd: You deserved to be destroyed
(61:33 / All) NaiLz7768: as long as u lose i dont give a fuck
(61:37 / Allies) g3n0: bats
(61:38 / All) Sly_One: yellow dont worry pink admitted you were pro in a whisper. ;) At heart he loves you
(61:39 / Allies) g3n0: there
(61:43 / Allies) g3n0: and finish him
(61:47 / All) NaiLz7768: fucking teal isn't lvl 10 yet wow
(61:47 / All) Sly_One: And we all love each other
(61:55 / All) Sly_One: ROFL!
(62:08 / Allies) g3n0: get more bats just in case
(62:11 / All) Sly_One: This replay will be the shit
(62:12 / All) NaiLz7768: teal, upper right next
(62:14 / All) Sly_One: funny
(62:22 / All) NaiLz7768: but be careful, yellow camping it
(62:39 / All) NaiLz7768: u have enough bats to take him
(62:46 / All) NaiLz7768: upper right expo teal
(62:54 / All) Sly_One: dont feed him lies
(62:57 / All) NaiLz7768: yellow is bad
(63:00 / All) Sly_One: He will end up doomed
(63:10 / All) Sly_One: gg
(63:13 / All) WARRIORS-R-CRAP: killing hall
(63:14 / All) NaiLz7768: OMG
(63:21 / All) NaiLz7768: LOLLLLLLLLLLLLLLLLLL
(63:28 / All) NaiLz7768: told u u sucks
(63:34 / All) WARRIORS-R-CRAP: ur a moron pink
(63:34 / All) Sly_One: oh shit
(63:36 / All) WARRIORS-R-CRAP: y didnt u tell me
(63:42 / All) Sly_One: I told you
(63:45 / All) Sly_One: that you would die
(63:47 / All) Sly_One: cmon
(63:51 / All) NaiLz7768: yellow has the one expo
(63:51 / All) Sly_One: :(
(63:52 / All) WARRIORS-R-CRAP: still got 6k
(63:53 / All) NaiLz7768: thats irt
(63:54 / All) Sly_One: †
(64:00 / All) NaiLz7768: but he has 13k
(64:02 / All) Sly_One: †††††††
(64:18 / All) WARRIORS-R-CRAP: bm stronger than archmage tho
(64:24 / All) NaiLz7768: you need to take out that shop at west
(64:43 / All) WARRIORS-R-CRAP: k
(64:48 / All) NaiLz7768: yellow camoping west mine
(65:07 / All) NaiLz7768: hurry to top right expo, he towering
(65:15 / All) WARRIORS-R-CRAP: u said shop dude
(65:20 / All) NaiLz7768: after
(65:22 / All) NaiLz7768: run
(65:35 / All) NaiLz7768: why the fuck aint u lvl 10 yet nigger
(65:47 / All) NaiLz7768: yellow heading to ur base
(65:59 / All) NaiLz7768: too late for that upper right expo
(66:09 / All) NaiLz7768: stupid
(66:13 / All) NaiLz7768: so bad
(66:20 / All) NaiLz7768: get that shop
(66:20 / All) WARRIORS-R-CRAP: who has adsvantage now
(66:27 / All) Sly_One: yellow
(66:27 / All) NaiLz7768: yellow
(66:32 / All) NaiLz7768: sadly
(66:33 / All) Sly_One: fo sho
(66:44 / All) NaiLz7768: goblins idiot
(66:44 / All) Sly_One: mmm
(66:58 / All) WARRIORS-R-CRAP: going back to his expo
(67:00 / All) WARRIORS-R-CRAP: bats coming
(67:04 / All) NaiLz7768: yellow has another shop now upper right near expo
(67:13 / All) NaiLz7768: upprotected
(67:30 / All) NaiLz7768: teal u suck badly
(67:40 / All) NaiLz7768: it was obvious from the start
(67:43 / Allies) g3n0: goblins
(67:47 / All) NaiLz7768: u had this shit
(67:49 / All) Sly_One: Lol I think both guys are good but yellow def has upper hand
(67:52 / All) NaiLz7768: goblins moron
(68:04 / All) NaiLz7768: jeez
(68:06 / All) Sly_One: make me a wisp
(68:08 / All) Sly_One: I want to play
(68:09 / All) Sly_One: lol
(68:22 / All) NaiLz7768: this shit would be over had i not been bs'd
(68:30 / All) WARRIORS-R-CRAP: y did he bs u again
(68:34 / All) NaiLz7768: teal
(68:36 / All) NaiLz7768: u fuck
(68:39 / All) LryBrd: should ahve tped
(68:39 / All) NaiLz7768: upper right
(68:42 / All) NaiLz7768: goblins
(68:43 / All) NaiLz7768: get
(68:44 / All) NaiLz7768: kill
(68:48 / All) NaiLz7768: nvm
(68:53 / All) NaiLz7768: yellow just tpd
(69:00 / All) NaiLz7768: hit bottom with gobnnlins
(69:12 / All) NaiLz7768: what an idiot
(69:25 / All) NaiLz7768: come on teal u can do this
(69:30 / All) NaiLz7768: goblins moron
(69:33 / All) WARRIORS-R-CRAP: keep feeding info
(69:39 / All) NaiLz7768: i got u
(69:48 / All) NaiLz7768: run
(69:57 / All) NaiLz7768: holy shit lmao
(69:58 / All) Sly_One: nhice yellow
(70:00 / All) NaiLz7768: so fucking bad
(70:06 / All) NaiLz7768: fuck yellow
(70:09 / All) WARRIORS-R-CRAP: i won that, got a hall and 5 farms
(70:30 / All) NaiLz7768: yellow running low on gold, just 7.5k
(70:57 / All) NaiLz7768: teal without expos
(70:59 / All) NaiLz7768: rofl
(71:00 / All) Sly_One: yellow won
(71:02 / All) Sly_One: I know
(71:04 / All) NaiLz7768: sadly
(71:06 / All) Sly_One: no expos for teal
(71:22 / All) NaiLz7768: yellow at top
(71:24 / All) NaiLz7768: mine
(71:45 / All) NaiLz7768: u too late for top right expo
(71:58 / All) NaiLz7768: he's making one north now
(72:00 / All) NaiLz7768: u fucked
(72:03 / All) NaiLz7768: cuz u suck
(72:10 / All) NaiLz7768: i told you an hour ago u sucked
(72:24 / All) NaiLz7768: i gave you all this info and you still couldn't fucking win
(72:26 / All) Sly_One: This is a gg no one sucks
(72:43 / All) NaiLz7768: yay tealk is lvl 10
(72:44 / All) Sly_One: ive played with all of you guys before on other account
(72:57 / All) Sly_One: everyone is good
(72:58 / All) Sly_One: lol
(73:06 / All) NaiLz7768: teal, leave bro
(73:09 / All) Sly_One: except you pink
(73:10 / All) Sly_One: ...
(73:11 / All) NaiLz7768: stop embarrassing urself
(73:12 / All) Sly_One: lol jk
(73:22 / All) NaiLz7768: 5 raiders yellow!
(73:24 / All) NaiLz7768: watch out!
(73:29 / All) NaiLz7768: oh noes
(73:37 / All) NaiLz7768: so fucking bad
(73:52 / All) WARRIORS-R-CRAP: gonna get his last peasant
(73:56 / All) NaiLz7768: only 6k gold left
(74:11 / All) NaiLz7768: teal, you got this now
(74:22 / All) NaiLz7768: yellow bsing himself
(74:27 / All) Sly_One: lol
(74:27 / All) NaiLz7768: lol
(74:28 / All) Sly_One: yeh
(74:31 / All) Sly_One: no fucks given
(74:33 / All) LryBrd: don't wanna lag out
(74:36 / All) NaiLz7768: kill urself yellow
(74:38 / All) WARRIORS-R-CRAP: lawl
(74:40 / All) NaiLz7768: you deserve it
(74:41 / All) Sly_One: hahaha
(74:44 / All) LryBrd: there was some mild turbulance
(74:48 / All) Sly_One: rofl
(74:50 / All) Sly_One: thats funny
(74:51 / All) WARRIORS-R-CRAP: u guys suck
(74:58 / All) WARRIORS-R-CRAP: yellow was best player on ur team
(75:05 / All) WARRIORS-R-CRAP: i was 2nd best
(75:07 / All) Sly_One: obviously
(75:11 / All) Sly_One: you arent on our team
(75:17 / All) NaiLz7768: well, to be fair, you never got to see me and purple play
(75:23 / All) Sly_One: true
(75:24 / All) Sly_One: lol
(75:27 / All) NaiLz7768: blue was bad, agreed
(75:31 / All) Sly_One: yeh
(75:32 / All) WARRIORS-R-CRAP: i killed purples dh several times and pinks expo all game
(75:40 / All) NaiLz7768: i took out 2 halls
(75:42 / All) LryBrd: make ally fight 3v1 = bad team player, and a scrub altogether anyway
(75:44 / All) WARRIORS-R-CRAP: y did blue tk?
(75:47 / All) NaiLz7768: as i was being tkd
(75:51 / All) NaiLz7768: i didn't
(75:55 / All) NaiLz7768: tk anyone
(76:05 / All) NaiLz7768: i donrt do that noob shit
(76:06 / All) LryBrd: He tried to attack me but got the smackdown
(76:10 / All) NaiLz7768: teal
(76:12 / All) NaiLz7768: w
(76:13 / All) NaiLz7768: t
(76:16 / All) NaiLz7768: f
(76:24 / All) NaiLz7768: still not upgraded raiders
(76:31 / All) NaiLz7768: un fucking real
(76:50 / All) WARRIORS-R-CRAP: literally my first 1v4
(76:52 / All) WARRIORS-R-CRAP: gonna upload this
(76:56 / All) NaiLz7768: lol
(76:58 / All) NaiLz7768: omg
(76:59 / All) Sly_One: please do
(77:01 / All) Sly_One: to youtube
(77:03 / All) NaiLz7768: u actually think u are good
(77:05 / All) Sly_One: I will search
(77:10 / All) Sly_One: name for video?
(77:11 / All) WARRIORS-R-CRAP: called, "the rape of nailz and sly_one"
(77:16 / All) NaiLz7768: rofl
(77:18 / All) Sly_One: rofl
(77:20 / All) Sly_One: asshole
(77:26 / All) NaiLz7768: i love u teal
(77:32 / All) NaiLz7768: wish you were on my team
(77:37 / All) WARRIORS-R-CRAP: also "lyrbrd best wc3 playa ever"
(77:42 / All) Sly_One: ooo
(77:43 / All) Sly_One: nice
(77:48 / All) NaiLz7768: that way i could accept the l;oss knowing how bad u r
(78:04 / All) Sly_One: gg
(78:09 / All) NaiLz7768: jeezus
(78:11 / All) Sly_One: best replay ever
(78:55 / All) Sly_One: oh shit
(78:56 / All) NaiLz7768: rofl
(78:57 / All) LryBrd: shoulda let yo ugo over tree line
(79:03 / All) Sly_One: that was intense
(79:17 / All) WARRIORS-R-CRAP: bm still slowed from zepplin atmy base
(79:29 / All) NaiLz7768: yay yellow loses
(80:24 / All) NaiLz7768: gg
(80:26 / All) NaiLz7768: lol
(80:31 / All) NaiLz7768: yellow loses
(80:32 / All) NaiLz7768: somehow
(80:42 / All) WARRIORS-R-CRAP: yes
(80:45 / All) WARRIORS-R-CRAP: "somehow"
(81:06 / All) LryBrd: gg teal you 1v4'd, unfortunately I got allies like pink that don't know the definition of team work
(81:20 / All) WARRIORS-R-CRAP: 6 BMS COMING
(81:22 / All) WARRIORS-R-CRAP: Gg tho
(81:26 / All) WARRIORS-R-CRAP: sorry u had bad allies
(81:28 / All) NaiLz7768: yeah, my killing two enemy bases was selfish
(81:55 / All) LryBrd: Yeah you left me out to dry 3v1, but I survived and I got my revenge
(81:58 / All) LryBrd: A true underdog story
(82:13 / All) NaiLz7768: search 4s so i can own you next game yellow
(82:18 / All) Sly_One: yeah
(82:20 / All) LryBrd: Don't worry I will
(82:22 / All) Sly_One: lets search 4s again
(82:43 / All) LryBrd: I'm the Larry Bird of this game, I'm not afraid of some 40% scrub
(83:02 / All) NaiLz7768: damn i was going to go to bed but now i gotta play another
(83:08 / All) NaiLz7768: i got work in the am lol
(83:13 / All) Sly_One: Haha
(83:25 / All) LryBrd: you can call in sick, WalMart has plenty of bodies to stock shelves
(83:32 / All) NaiLz7768: good idea
(83:33 / All) Sly_One: ROFL
(83:37 / All) Sly_One: Do it pink
(83:38 / All) Sly_One: call in
(83:54 / All) NaiLz7768: watch ouyt!!!!!!!!
(84:02 / All) NaiLz7768: rofl
(84:04 / All) LryBrd: GOTHEEM
(84:09 / All) Sly_One: wow
(84:12 / All) NaiLz7768: teal is sooooooooo fucking stupid
(84:19 / All) NaiLz7768: it really is sad
(84:29 / All) LryBrd: The Two Towers
(84:33 / All) LryBrd: Come and get'em big boy
(84:35 / All) NaiLz7768: now we gotta wait until he spawns
(84:41 / All) NaiLz7768: thats like 5 min for lvl 10
(84:47 / All) Sly_One: longest replay ever
(84:53 / All) NaiLz7768: i aint saving this shit
(84:58 / All) NaiLz7768: waste of space
(85:02 / All) Sly_One: lol
(85:06 / All) Sly_One: I got too much space
(85:07 / All) WARRIORS-R-CRAP: 44
(85:10 / All) Sly_One: Hardware is the shit
(85:17 / All) WARRIORS-R-CRAP: i hope by now u guys realized
(85:44 / All) NaiLz7768: all u had to do was hit each of the two towers on time each and its gg
(85:47 / All) WARRIORS-R-CRAP: if not u are not the sharpest knife of the drawers
(85:48 / All) NaiLz7768: but no
(85:52 / All) NaiLz7768: u hadda die
(86:10 / All) NaiLz7768: lol 7 bats and he runs from two towers
(86:13 / All) NaiLz7768: with 5 hp
(86:27 / All) NaiLz7768: cant even measure the stupidity
(86:38 / All) NaiLz7768: teal
(86:41 / All) NaiLz7768: u dumb fuck
(86:45 / All) NaiLz7768: one tower left
(86:48 / All) NaiLz7768: it has 5 hp
(86:50 / All) NaiLz7768: ffs
(86:54 / All) NaiLz7768: gg
(86:56 / All) NaiLz7768: suicide
(86:58 / All) WARRIORS-R-CRAP: reviving bm. his hawks can shackle my bats moron
(87:08 / All) NaiLz7768: dude
(87:10 / All) NaiLz7768: one tower
(87:12 / All) NaiLz7768: 5 hp
(87:16 / All) NaiLz7768: fucking idiot
(87:23 / All) NaiLz7768: how stupid can u be??
(87:39 / All) NaiLz7768: u went after him with five raider and were owned
(87:48 / All) NaiLz7768: now ur afraid of a single 5hp tower?
(87:58 / All) NaiLz7768: my lord
(88:05 / All) WARRIORS-R-CRAP: i played great this game and get no credit i swear, ever
(88:11 / All) NaiLz7768: dude
(88:12 / All) LryBrd: Pink, I'm the best to ever play this game. Some call me the Larry Bird of this game.
(88:23 / All) LryBrd: You're just a rookie to me, and you think you can get inside of my head?
(88:24 / All) NaiLz7768: ur an asshole
(88:28 / All) LryBrd: Best to ever play, understand?
(88:31 / All) NaiLz7768: yeah fuck urself
(88:39 / All) NaiLz7768: easy to tk teammates
(88:48 / All) NaiLz7768: great players dont do that noob shit
(88:51 / All) LryBrd: Easy to leave them out to dry, but you better hope the other team does your dirty work for you
(88:58 / All) LryBrd: because if not, yeah, they just might take their revenge
(89:17 / All) NaiLz7768: im out, searching 4s fuck you all
(89:19 / All) LryBrd: You left me out to dry, me struggling against a whole team amused you.
(89:24 / All) LryBrd: You left a cute comment, but I got the last laugh
(89:32 / All) WARRIORS-R-CRAP: bye purple
(89:40 / All) LryBrd: G_G